 Dungeon Crawl Stone Soup version 0.16.2-12-gd0ad4c3 (webtiles) character file.

557 GammafunkIsRetarded the Skirmisher (level 7, -1/50 HPs)
             Began as a High Elf Ice Elementalist on June 8, 2018.
             Was a Believer of Yredelemnul.
             Slain by a wyvern (18 damage)
             ... on level 6 of the Dungeon.
             The game lasted 00:14:30 (1495 turns).

GammafunkIsRetarded the Skirmisher (HEIE)           Turns: 1495, Time: 00:14:30

Health: -1/50      AC:  2    Str:  9    XL:     7   Next: 9%
Magic:  15/17      EV: 14    Int: 20    God:    Yredelemnul [**....]
Gold:   118        SH:  0    Dex: 15    Spells: 1 memorised, 9 levels left

rFire  . . .     SeeInvis .     f - +2 spear (venom)
rCold  . . .     Clarity  .     a - +0 robe
rNeg   . . .     SustAb   .     (no shield)
rPois  .         Gourm    .     (no helmet)
rElec  .         Spirit   .     (no cloak)
rCorr  .         Warding  .     (no gloves)
rMut   .         Stasis   .     (no boots)
MR     .....                    (no amulet)
Stlth  ++........               (no ring)
                                (no ring)

@: not resistant to hostile enchantments, unstealthy
A: no striking features
a: Animate Remains, Recall Undead Slaves, Injury Mirror, Renounce Religion


You were on level 6 of the Dungeon.
You worshipped Yredelemnul.
Yredelemnul was pleased with you.
You were not hungry.

You visited 1 branch of the dungeon, and saw 6 of its levels.
You also visited: Sewer.

You collected 118 gold pieces.

Inventory:

Hand weapons
 f - a +2 spear of venom (weapon)
Armour
 a - a +0 robe (worn)
Scrolls
 e - 3 scrolls of recharging
 g - 2 scrolls of teleportation
 m - a scroll of fog
 r - a scroll of fear {unknown}
Potions
 d - a potion of curing
 h - a potion of resistance
 j - 4 potions of haste {unknown}
 l - 3 potions of might
 n - a potion of ambrosia {unknown}
 q - a potion of poison {unknown}
Books
 b - a book of Frost

   Spells                             Type                      Level
   a - Freeze                         Ice                          1
   b - Throw Frost                    Conjuration/Ice              2
   c - Ozocubu's Armour               Charms/Ice                   3
   d - Throw Icicle                   Conjuration/Ice              4
   e - Summon Ice Beast               Ice/Summoning                4
   f - Condensation Shield            Ice                          4
Comestibles
 c - 2 bread rations
 k - a slice of pizza


   Skills:
 + Level 5.2 Fighting
 + Level 4.7 Dodging
 - Level 2.1 Stealth
 - Level 2.4 Spellcasting
   Level 1.1 Conjurations
 - Level 3.0 Ice Magic
 + Level 3.6 Invocations


You had 9 spell levels left.
You knew the following spells:

 Your Spells              Type           Power        Failure   Level  Hunger
a - Freeze                Ice            ##..         4%          1    #......


Dungeon Overview and Level Annotations

Branches:
Dungeon (6/15)             Temple (0/1) D:4

Altars:
Ashenzari
Cheibriados
Fedhas
Kikubaaqudgha
Makhleb
Ru
Trog
Vehumet
Xom
Yredelemnul
The Shining One


Message History

Unknown command.
Casting: Freeze
Confirm with . or Enter, or press ? or * to list all spells.
Aiming: Freeze
Press: ? - help, Shift-Dir - straight line, f - wyvern
Aim: a wyvern (heavily wounded, poisoned)
You freeze the wyvern.
The wyvern is heavily wounded.
The wyvern barely misses you.
Casting: Freeze
Confirm with . or Enter, or press ? or * to list all spells.
Aiming: Freeze
Press: ? - help, Shift-Dir - straight line, f/p - wyvern
Aim: a wyvern (heavily wounded, poisoned)
You freeze the wyvern.
The wyvern is severely wounded.
The wyvern misses you. The wyvern bites you! The wyvern bites you!!
You die...
Your body rises from the dead as a mindless zombie.

### ## #.. .# #####.# .#
#[..#.#########.#####
#...........@D......#
#####...#.#########........
...........##...[.....#.##
.#....................#
###........##...........
#_##....#............##.#
##'.....#####........# .
.#..P...# .........
....≈P.## .......


You could see a wyvern.

Vanquished Creatures
  A centaur (D:5)
  2 giant frogs
  A scorpion (D:5)
  A hound (D:4)
  A worker ant (D:4)
  Jessica (D:3)
  A hound skeleton (D:4)
  3 river rats
  8 adders
  A giant mite (D:3)
  A worm (D:4)
  An ooze (Sewer)
  An orc (D:4)
  4 ball pythons (Sewer)
  5 bats
  A goblin (D:2)
  2 hobgoblins
  6 jackals
  A quokka (D:5)
  3 giant cockroaches
  A giant gecko (D:3)
  3 giant newts (Sewer)
  4 kobolds
  21 rats
74 creatures vanquished.

Vanquished Creatures (collateral kills)
  A giant frog (Sewer)
  An adder (Sewer)
  7 ball pythons (Sewer)
  2 giant newts (Sewer)
  7 rats (Sewer)
18 creatures vanquished.

Vanquished Creatures (others)
  An adder zombie (Sewer)
  A river rat zombie (Sewer)
  A ball python zombie (Sewer)
  A giant newt zombie (Sewer)
  4 rat zombies (Sewer)
8 creatures vanquished.

Grand Total: 100 creatures vanquished

Notes
Turn   | Place    | Note
--------------------------------------------------------------
     0 | D:1      | GammafunkIsRetarded, the High Elf Ice Elementalist, began the quest for the Orb.
     0 | D:1      | Reached XP level 1. HP: 11/11 MP: 4/4
   108 | D:2      | Reached skill level 1 in Fighting
   133 | D:2      | Reached XP level 2. HP: 17/19 MP: 0/6
   281 | D:3      | Found a shattered altar of Ashenzari.
   301 | D:3      | Reached XP level 3. HP: 22/25 MP: 8/8
   316 | D:2      | Found a radiant altar of Vehumet.
   316 | D:2      | Found a basalt altar of Yredelemnul.
   316 | D:2      | Found a blossoming altar of Fedhas.
   352 | D:2      | Became a worshipper of Yredelemnul the Dark
   401 | D:5      | Entered Level 5 of the Dungeon
   427 | D:4      | Found a sacrificial altar of Ru.
   457 | D:3      | Found a shimmering altar of Xom.
   459 | D:3      | Found a snail-covered altar of Cheibriados.
   490 | D:3      | Noticed Jessica
   495 | D:3      | Killed Jessica
   541 | D:3      | Reached XP level 4. HP: 16/31 MP: 5/11
   553 | D:3      | Found a glowing drain.
   562 | Sewer    | Entered a sewer
   663 | Sewer    | Acquired Yredelemnul's first power
   800 | Sewer    | Reached skill level 4 in Fighting
   811 | Sewer    | Acquired Yredelemnul's second power
   811 | Sewer    | Reached XP level 5. HP: 15/37 MP: 5/12
   849 | Sewer    | Reached skill level 1 in Invocations
   854 | Sewer    | Noticed a giant frog
   866 | Sewer    | Killed a giant frog
   867 | Sewer    | Noticed a giant frog
   874 | Sewer    | Killed a giant frog
   956 | D:3      | Reached XP level 6. HP: 27/44 MP: 12/15
  1004 | D:4      | Found a staircase to the Ecumenical Temple.
  1284 | D:3      | Found a bloodstained altar of Trog.
  1284 | D:3      | Found an ancient bone altar of Kikubaaqudgha.
  1286 | D:3      | Found a burning altar of Makhleb.
  1335 | D:5      | Noticed a scorpion
  1349 | D:5      | Killed a scorpion
  1361 | D:5      | Noticed a centaur
  1376 | D:5      | Killed a centaur
  1376 | D:5      | Reached skill level 5 in Fighting
  1407 | D:5      | Reached XP level 7. HP: 26/50 MP: 13/17
  1463 | D:6      | Found a glowing golden altar of the Shining One.
  1473 | D:6      | Noticed a wyvern
  1495 | D:6      | Slain by a wyvern

Action                   |  1- 3 |  4- 6 |  7- 9 || total
-------------------------+-------+-------+-------++-------
Melee: Spear             |    30 |   111 |     6 ||   147
 Cast: Freeze            |    12 |    48 |     3 ||    63
Invok: Animate Remains   |       |     9 |       ||     9
  Use: Scroll            |       |     7 |     1 ||     8
       Potion            |       |     3 |     1 ||     4
 Stab: Sleeping          |       |     6 |       ||     6
  Eat: Chunk             |       |     3 |       ||     3
